AoeStats
← HHADEZZ

Black Forest

509688288Analyzed
4v4 RM · 5d ago on Sep 27, 2026· 53m 1s· 8 players
Game mode
Random Map
Map size
Large (8 player)
Population
200
Speed
Normal
Resources
Standard
Victory
Conquest
Starting age
Dark Age
Ending age
Imperial Age
RankedLock teamsTeams togetherTeam positionsShared explorationLock speedFull tech treeHidden civsTurbo modeCheats
Victory
Defeat
🇩🇪 Khmer · Germany
1055
+13
🇩🇪 Spanish · Germany
1034
+14
🇹🇷 Slavs · Türkiye
970
+16
🇩🇪 Goths · Germany
932
+17
🇩🇪 Persians · Germany
1001
-16
🇨🇦 Huns · Canada
994
-16
🇨🇴 Goths · Colombia
960
-14
🇲🇽 Malay · Mexico
958
-41
Big Naturals
5:56 Loom
12:40 Feudal Age
13:10 Double-Bit Axe
17:25 Castle Age
19:54 Bow Saw
19:25 Horse Collar
21:54 Bloodlines
21:45 Husbandry
27:07 Heavy Plow
27:19 Gold Mining
29:20 Wheelbarrow
30:26 Gold Shaft Mining
33:08 Imperial Age
31:29 Forging
31:30 Scale Barding Armor
33:10 Marauders
33:48 Iron Casting
33:34 Chain Barding Armor
33:25 Elite Tarkan
34:26 Conscription
34:14 Cavalier
34:17 Light Cavalry
36:09 Blast Furnace
35:41 Hand Cart
35:38 Masonry
35:19 Loom
39:06 Plate Barding Armor
38:47 Paladin
39:25 Hussar
45:15 Chemistry
46:02 Atheism
HHADEZZ
9:56 Feudal Age
10:26 Wheelbarrow
21:47 Padded Archer Armor
21:38 Fletching
21:34 Horse Collar
21:50 Gold Mining
21:50 Stone Mining
21:53 Double-Bit Axe
31:51 Castle Age
33:06 Elite Skirmisher
33:07 Crossbowman
33:53 Thumb Ring
34:14 Leather Archer Armor
33:55 Bodkin Arrow
33:50 Town Watch
33:55 Loom
34:52 Stone Shaft Mining
34:42 Husbandry
38:31 Thalassocracy
39:32 Light Cavalry
40:33 Siphons
40:25 Murder Holes
40:41 Masonry
40:12 Treadmill Crane
40:53 Ballistics
40:26 Guard Tower
40:47 Clinker Construction
41:30 Gold Shaft Mining
Pangaea
6:55 Loom
9:19 Feudal Age
9:41 Double-Bit Axe
14:45 Stone Mining
17:00 Castle Age
16:06 Gold Mining
16:03 Horse Collar
30:43 Imperial Age
29:14 Heavy Plow
30:51 Wheelbarrow
30:32 Bloodlines
30:22 Husbandry
30:26 Cavalier
32:03 Conscription
31:39 Savar
32:31 Scale Barding Armor
33:48 Chemistry
36:50 Caravan
37:36 Ballistics
37:13 Murder Holes
39:44 Kamandaran
39:54 Thumb Ring
40:04 Forging
39:54 Scale Mail Armor
40:19 Chain Barding Armor
40:10 Forging
39:50 Fletching
42:03 Plate Barding Armor
40:56 Crossbowman
44:22 Fletching
46:46 Light Cavalry
48:59 Citadels
49:08 Masonry
50:33 Architecture
50:45 Hoardings
51:11 Bodkin Arrow
51:16 Padded Archer Armor
51:52 Iron Casting
51:21 Padded Archer Armor
masanchezt
16:36 Feudal Age
20:26 Castle Age
19:57 Double-Bit Axe
19:53 Horse Collar
21:46 Bow Saw
34:53 Imperial Age
33:26 Pikeman
34:06 Squires
35:22 Heavy Plow
37:06 Onager
39:38 Perfusion
41:19 Forging
41:10 Scale Mail Armor
43:17 Halberdier
48:09 Two-Man Saw
47:44 Crop Rotation
50:11 Iron Casting
49:51 Chain Mail Armor
50:08 Conscription
Baumewok
12:09 Feudal Age
16:21 Castle Age
14:25 Double-Bit Axe
21:08 Horse Collar
23:05 Wheelbarrow
22:19 Town Watch
24:08 Heavy Plow
24:27 Bow Saw
24:15 Loom
25:53 Fletching
27:34 Bodkin Arrow
27:57 Gold Mining
27:58 Stone Mining
29:40 Gold Shaft Mining
29:54 Stone Shaft Mining
30:13 Caravan
33:57 Imperial Age
31:41 Scale Mail Armor
32:48 Scale Barding Armor
33:08 Bloodlines
32:58 Husbandry
33:12 Forging
34:02 Chain Barding Armor
34:55 Iron Casting
36:13 Crop Rotation
38:05 Plate Barding Armor
38:30 Blast Furnace
36:57 Elite Battle Elephant
39:47 Chemistry
39:07 Ballistics
41:34 Conscription
41:19 Tusk Swords
44:22 Chain Mail Armor
43:32 Heavy Scorpion
44:53 Double Crossbow
44:51 Elite Ballista Elephant
49:31 Siege Engineers
49:38 Fortified Wall
50:58 Capped Ram
Haitatchi
6:02 Loom
12:49 Feudal Age
17:29 Castle Age
22:13 Double-Bit Axe
24:20 Wheelbarrow
23:34 Town Watch
25:07 Bow Saw
26:02 Horse Collar
26:21 Gold Mining
28:53 Scale Barding Armor
28:58 Forging
29:22 Pikeman
30:03 Squires
30:27 Chain Barding Armor
30:08 Scale Mail Armor
30:13 Husbandry
30:24 Bloodlines
29:35 Light Cavalry
30:48 Stone Mining
34:04 Imperial Age
31:59 Hand Cart
31:54 Town Patrol
33:36 Gambesons
33:37 Arson
33:13 Man-at-Arms
34:33 Iron Casting
34:42 Stone Shaft Mining
36:05 Plate Barding Armor
36:30 Blast Furnace
36:37 Two-Man Saw
35:41 Heavy Plow
36:53 Caravan
37:17 Cavalier
37:17 Hussar
38:41 Paladin
42:32 Conscription
Macholdi
0:33 Loom
13:11 Feudal Age
14:29 Wheelbarrow
13:43 Double-Bit Axe
13:40 Horse Collar
17:08 Gold Mining
17:09 Stone Mining
20:39 Castle Age
21:58 Hand Cart
22:21 Heavy Plow
32:08 Squires
31:29 Pikeman
31:30 Man-at-Arms
32:41 Scale Mail Armor
32:51 Forging
33:05 Anarchy
35:38 Imperial Age
33:20 Caravan
33:51 Coinage
33:29 Long Swordsman
34:07 Treadmill Crane
36:39 Conscription
36:20 Perfusion
35:49 Halberdier
35:49 Two-Handed Swordsman
37:11 Chain Mail Armor
37:32 Iron Casting
37:31 Banking
37:11 Guilds
36:50 Champion
38:14 Crop Rotation
39:38 Chemistry
46:24 Ballistics
45:54 Heated Shot
47:08 Blast Furnace
46:14 Scale Barding Armor
48:39 Bow Saw
50:31 Two-Man Saw
54:14 Stone Shaft Mining
sonsehzadee
2:36 Loom
11:16 Feudal Age
12:54 Horse Collar
14:52 Double-Bit Axe
19:51 Castle Age
17:58 Stone Mining
18:13 Gold Mining
24:38 Wheelbarrow
24:53 Bow Saw
27:01 Hand Cart
29:36 Gold Shaft Mining
29:36 Caravan
30:07 Coinage
34:53 Imperial Age
32:37 Detinets
33:55 Scale Barding Armor
34:01 Forging
34:24 Pikeman
35:06 Squires
34:55 Onager
35:58 Conscription
35:02 Elite Boyar
35:47 Druzhina
35:11 Elite Boyar
40:30 Halberdier
52:55 Spies/Treason
Connection lost

Rejoining the realm…

Still unreachable

The connection could not be restored.

Session expired

The server has moved on; the page needs a fresh start.